 Dungeon Sprint DCSS version 0.32-a0-666-ge8a88695a4 (webtiles) character file.

Game seed: 6062086376402787597

74 adelrune the Shield-Bearer (level 4, -1/38 HPs)
             Began as a Formicid Fighter on Mar 9, 2024.
             Killed from afar by a white imp (10 damage)
             ... with a puff of frost
             ... in the Dungeon (Sprint IX: "|||||||||||||||||||||||||||||").
             The game lasted 00:00:21 (52 turns).

adelrune the Shield-Bearer (Formicid Fighter)         Turns: 52, Time: 00:00:22

Health: -1/38      AC:  7    Str: 22    XL:     4   Next: 52%
Magic:  4/4        EV: 10    Int:  8    God:
Gold:   0          SH:  5    Dex: 13    Spells: 3/3 levels left

rFire   . . .        a - +0 flail
rCold   . . .        c - +0 buckler
rNeg    . . .        b - +0 scale mail
rPois   .            (helmet unavailable)
rElec   .            (no cloak)
rCorr   .            (no gloves)
SInv    +            (no boots)
Will    .....        (no amulet) Stlth
                     (no ring)
HPRegen 0.26/turn    (no ring)
MPRegen 0.09/turn

%: no passive effects
@: no status effects
A: permanent stasis, dig shafts and tunnels, antennae 3, four strong arms
a: Dig


You were in the Dungeon.
You visited 1 branch

Inventory:

Hand Weapons
 a - a +0 flail (weapon)
Armour
 b - a +0 scale mail (worn)
 c - a +0 buckler (worn)
Potions
 d - a potion of might
 e - a potion of curing
 f - a potion of heal wounds
 g - 2 potions of magic


   Skills:
 + Level 4.8 Fighting
 * Level 5.0 Maces & Flails
 + Level 4.8 Armour
 + Level 2.6 Dodging
 + Level 5.8 Shields


You had 3 spell levels left.
You didn't know any spells.
Your spell library was empty.

Dungeon Overview and Level Annotations

Branches:
Dungeon (1/1)

Altars:


Innate Abilities, Weirdness & Mutations

You cannot be hasted, slowed, berserked, paralysed or teleported.
You can dig through walls and to a lower floor.
You have a pair of large antennae on your head. (SInv)
Your four strong arms can wield two-handed weapons with a shield.


Message History

The hound is almost dead.
You block the hound's attack. The hound closely misses you.
You sock the hound!
You kill the hound!
The orc wizard gestures at you while chanting.
The puff of flame misses you.
You have reached level 4!
You feel clever.
You closely miss the orc wizard. The white imp gestures at you.
The puff of frost hits the orc wizard!
The orc wizard casts a spell at you.
You are confused.
You bump into the unnaturally hard rock wall.
The white imp gestures at you.
The puff of frost hits the orc wizard.
The orc wizard barely misses you.
You sock the orc wizard!
You kill the orc wizard!
Your Maces & Flails skill increases to level 5!
You bump into the unnaturally hard rock wall.
You bump into the unnaturally hard rock wall.
The white imp hits you but does no damage.
You bump into the unnaturally hard rock wall.
The white imp barely misses you.
You're too confused to move!
The white imp sputters.
The white imp hits you. The white imp freezes you.
You're too confused to move!
You feel less confused.
The white imp shouts, "Slither hence, thou dankish sheep-biting deadneck!"
You block the white imp's attack.
You barely miss the white imp. The white imp gestures at you.
The puff of frost hits you!
* * * LOW HITPOINT WARNING * * *
You sock the white imp!
The white imp is almost dead.
The white imp gestures at you. The puff of frost hits you!
You die...

▓.▓
▓.▓
▓.▓
▓'▓
▓)▓
▓.▓
▓.▓
▓.▓
▓@▓
▓5▓
▓.▓
▓.▓
▓.▓
▓.▓
▓.▓
▓+▓


You could see a white imp.

Vanquished Creatures
  A hound (D)
  2 orc wizards (D)
  An adder (D)
  A bat (D)
  A goblin (D)
  A hobgoblin (D)
  A frilled lizard (D)
  A rat (D)
9 creatures vanquished.

Notes
Turn   | Place    | Note
-------+----------+-------------------------------------------
     0 | D        | adelrune the Formicid Fighter began the quest for the Orb.
     0 | D        | Reached XP level 1. HP: 18/18 MP: 1/1
    20 | D        | Reached skill level 1 in Dodging
    25 | D        | Noticed an orc wizard
    25 | D        | Noticed a hound
    25 | D        | Noticed an orc wizard
    32 | D        | Killed an orc wizard
    33 | D        | Reached skill level 5 in Shields
    33 | D        | Reached XP level 2. HP: 19/25 MP: 2/2
    33 | D        | Reached XP level 3. HP: 23/30 MP: 3/3
    43 | D        | Reached XP level 4. HP: 22/38 MP: 4/4
    46 | D        | Reached skill level 5 in Maces & Flails
    52 | D        | Killed from afar by a white imp

Illustrated notes

Levels and vault maps discovered:
D:        linesprint [early_d, line_temple, items_1, d_10, items_2, lair_1,
          lair_end, items_3, orc_1, orc_end, items_4, d_15, swamp_1, shoals_1,
          snake_1, spider_1, d_20, vaults_1, items_5, swamp_end, shoals_end,
          snake_end, spider_end, vaults_end, d_27, items_6, zot_1, zot_end,
          crypt_end, forest_end, elf_end, slime_end, tomb_end, abyss_end,
          pan_hell_end]

Skill      XL: |  1  2  3  4 |
---------------+-------------+-----
Dodging        | 1 2 |  2.6
Fighting       | 4 |  4.8
Maces & Flails | 4 5 |  5.0
Armour         | 4 |  4.8
Shields        | 5 |  5.8

Action                     |  1- 3 |  4- 6 || total
---------------------------+-------+-------++-------
  Melee: Flail             |    32 |     4 ||    36
 Armour: Scale mail        |    26 |     4 ||    30
  Dodge: Dodged            |    14 |     2 ||    16
  Block: Buckler           |     7 |     1 ||     8

Table legend: (Time is in decaauts)
 A = Elapsed time spent in this place.
 B = Non-inter-level travel time spent in this place.
 C = Inter-level travel time spent in this place.
 D = Time resting spent in this place.
 E = Time spent auto-exploring this place.
 F = Levels seen in this place.
 G = Mean time per level.
                   A        B        C        D        E       F      G
               +--------+--------+--------+--------+--------+-----+--------+
         Total |     61 |     61 |      0 |      0 |      0 |   1 |   61.0 |
       Dungeon |     61 |     61 |      0 |      0 |      0 |   1 |   61.0 |
               +--------+--------+--------+--------+--------+-----+--------+

Top non-repeatable levels by time:
       D: 61 daAuts
